[Event "Titled Tuesday Blitz August 15 Early 2023"]
[White "Tharushi, T H D Niklesha"]
[Black "Bobkov, Vadim"]
[WhiteFideId "9918264"]
[BlackFideId "34110876"]
[WhiteElo "2159"]
[BlackElo "2445"]
[Result "0-1"]
[Round "2"]
[TimeControl "180+1"]
[Date "2023.08.15"]
[WhiteClock "0:00:31"]
[BlackClock "0:01:19"]
[Board "224"]

1. e4 c5 2. Nf3 g6 3. d4 cxd4 4. Nxd4 Bg7 5. c4 Nc6 6. Be3 d6 7. Nc3 Qb6 8. Ndb5 Bxc3+ 9. bxc3 Qa5 10. Qd2 Nf6 11. f3 Be6 12. Bd3 Nd7 13. Bd4 Rf8 14. O-O a6 15. Bg7 Rg8 16. Qh6 axb5 17. Qxh7 O-O-O 18. cxb5 Nce5 19. Be2 Kb8 20. h3 Qxc3 21. Rac1 Rxg7 22. Rxc3 Rxh7 23. f4 Nc4 24. Bxc4 Rc8 25. Rfc1 Rxc4 26. Rxc4 Bxc4 27. Rxc4 Rh4 28. g3 Rxh3 29. Kg2 Rh8 30. Kf3 Rc8 31. Rxc8+ Kxc8 32. Ke3 Kc7 33. Kd4 Kb6 34. Kc4 Ka5 35. g4 Nb6+ 36. Kd4 Kxb5 37. e5 d5 38. g5 e6 0-1


[Site "https://www.chess.com"]

[Event "Titled Tuesday Blitz August 15 Early 2023"]
[White "Manukian, Artak"]
[Black "campochess"]
[WhiteFideId "13301373"]
[WhiteElo "2445"]
[BlackElo "2159"]
[Result "1-0"]
[Round "2"]
[TimeControl "180+1"]
[Date "2023.08.15"]
[WhiteClock "0:00:54"]
[BlackClock "0:00:29"]
[Board "225"]

1. e4 c5 2. Nf3 Nc6 3. c3 e6 4. d4 cxd4 5. cxd4 d5 6. e5 Nge7 7. Nc3 Nf5 8. Be3 Nxe3 9. fxe3 f6 10. Bb5 Bd7 11. O-O f5 12. Rc1 Be7 13. Na4 O-O 14. Nc5 Rb8 15. Qd2 a6 16. Nxb7 Rxb7 17. Bxc6 Bxc6 18. Rxc6 Qd7 19. Rfc1 Rfb8 20. b3 Rb6 21. Qc2 Ba3 22. Rxb6 Rxb6 23. Qc8+ Qxc8 24. Rxc8+ Bf8 25. Kf1 h6 26. Ke2 Kf7 27. Kd3 Be7 28. Rc7 Ke8 29. h4 g6 30. g3 Kd8 31. Ra7 Rc6 32. Nd2 g5 33. hxg5 hxg5 34. a4 Bb4 35. Nf3 Rc3+ 36. Ke2 Be7 37. Rxa6 Rxb3 38. Rxe6 Kd7 39. Ra6 g4 40. e6+ Kc8 41. Ne5 Bg5 42. Nd3 Rb7 43. Nc5 Rh7 44. Ra8+ 1-0


[Site "https://www.chess.com"]

[Event "Titled Tuesday Blitz August 15 Early 2023"]
[White "Kielinkei"]
[Black "Aung Thant Zin"]
[BlackFideId "13000063"]
[WhiteElo "2443"]
[BlackElo "2136"]
[Result "0-1"]
[Round "2"]
[TimeControl "180+1"]
[Date "2023.08.15"]
[WhiteClock "0:00:06"]
[BlackClock "0:00:13"]
[Board "226"]

1. d4 Nf6 2. Nf3 d5 3. Bf4 e6 4. e3 c5 5. c3 Nc6 6. Bd3 h6 7. h3 Bd6 8. Bxd6 Qxd6 9. O-O O-O 10. Nbd2 e5 11. dxe5 Nxe5 12. Nxe5 Qxe5 13. Nf3 Qe7 14. c4 Be6 15. cxd5 Nxd5 16. Qe2 Rfd8 17. a3 Rd6 18. Rfd1 Rad8 19. Rac1 b6 20. Bb1 Nf6 21. e4 Ne8 22. e5 R6d7 23. Rxd7 Qxd7 24. Qe4 g6 25. Qe3 Kg7 26. Bc2 Qb5 27. b3 Qa5 28. a4 Qb4 29. Rd1 Rxd1+ 30. Bxd1 Nc7 31. h4 Nd5 32. Qd3 Nf4 33. Qe3 Bg4 34. g3 Ne6 35. Be2 h5 36. Kg2 a6 37. Nd2 Bxe2 38. Qxe2 Qd4 39. Nf3 Qd5 40. Qc4 Qxc4 41. bxc4 Nd8 42. Kf1 Nc6 43. Ke2 Kf8 44. Kd3 Ke7 45. Ke4 Ke6 46. Ng5+ Ke7 47. Kd5 Nb4+ 48. Ke4 Nc2 49. Kd5 Nb4+ 50. Ke4 Nc6 51. f3 Na5 52. Kd5 Nb3 53. Kc6 Nd2 54. Kxb6 Nxc4+ 55. Kxa6 Nxe5 56. Kb6 c4 57. Ne4 f5 58. Nc3 Kd6 59. a5 Nc6 60. Kb5 Nxa5 61. Kxa5 Kc5 62. Ka4 Kd4 63. Kb4 Ke3 64. f4 Kf3 65. Kxc4 Kxg3 66. Nd5 Kxh4 67. Kd4 Kg3 68. Ke3 h4 69. Nc3 Kh3 70. Ne2 Kg2 71. Nd4 h3 72. Nf3 h2 73. Nxh2 Kxh2 74. Kf2 Kh3 75. Kf3 Kh4 76. Kf2 Kg4 77. Ke3 Kg3 0-1


[Site "https://www.chess.com"]

[Event "Titled Tuesday Blitz August 15 Early 2023"]
[White "Ben Artzi, Ido"]
[Black "Johnson, Ben"]
[WhiteFideId "2810913"]
[BlackFideId "2010917"]
[WhiteElo "2441"]
[BlackElo "2136"]
[Result "1-0"]
[Round "2"]
[TimeControl "180+1"]
[Date "2023.08.15"]
[WhiteClock "0:01:48"]
[BlackClock "0:00:00"]
[Board "227"]

1. d4 Nf6 2. c4 e6 3. Nc3 Bb4 4. Qc2 O-O 5. Nf3 c5 6. dxc5 Na6 7. Bd2 Nxc5 8. e3 b6 9. Be2 Bb7 10. O-O Rc8 11. Rfd1 Qe7 12. Rac1 d6 13. Nb5 Bxd2 14. Qxd2 Nce4 15. Qb4 a5 16. Qa3 Rfd8 17. h3 Kf8 18. Nfd4 d5 19. Qxe7+ Kxe7 20. Na7 Rc5 21. cxd5 Ra8 22. Nac6+ Kd6 23. Nb5+ Rxb5 24. Bxb5 Nxd5 25. f3 1-0


[Site "https://www.chess.com"]

[Event "Titled Tuesday Blitz August 15 Early 2023"]
[White "Novikova, Margarita"]
[Black "Rangel, Daniel"]
[WhiteFideId "14109689"]
[BlackFideId "2124475"]
[WhiteElo "2123"]
[BlackElo "2440"]
[Result "0-1"]
[Round "2"]
[TimeControl "180+1"]
[Date "2023.08.15"]
[WhiteClock "0:00:10"]
[BlackClock "0:01:23"]
[Board "228"]

1. e4 c5 2. Nc3 d6 3. d3 g6 4. Be3 Bg7 5. Qd2 Nc6 6. g3 Nd4 7. Nd1 h5 8. h4 Bg4 9. Bg2 Rc8 10. c3 Nc6 11. f3 Bd7 12. Nf2 Nf6 13. Ne2 Ne5 14. b3 O-O 15. d4 cxd4 16. cxd4 Nc6 17. O-O Qa5 18. d5 Qxd2 19. Bxd2 Ne5 20. Rac1 Bb5 21. Rfe1 Nfd7 22. Nd4 Ba6 23. Be3 Nc5 24. b4 Ncd3 25. Nxd3 Nxd3 26. Rxc8 Rxc8 27. Rb1 Rc4 28. b5 Bxd4 29. Bxd4 Rxd4 30. bxa6 bxa6 31. Rb8+ Kg7 32. Rb7 Kf6 33. Rxa7 Ra4 34. Bf1 Nc5 35. f4 Rxe4 36. Bg2 Ra4 37. Ra8 Rxa2 38. f5 Kxf5 39. Bh3+ Kf6 0-1


[Site "https://www.chess.com"]

[Event "Titled Tuesday Blitz August 15 Early 2023"]
[White "Floresvillar Gonzalez, Luis Migu"]
[Black "Harriott, Tyrell"]
[WhiteFideId "5100542"]
[BlackFideId "2086484"]
[WhiteElo "2110"]
[BlackElo "2436"]
[Result "1/2-1/2"]
[Round "2"]
[TimeControl "180+1"]
[Date "2023.08.15"]
[WhiteClock "0:00:13"]
[BlackClock "0:00:53"]
[Board "229"]

1. e4 d5 2. exd5 Nf6 3. c4 g6 4. d4 Bg7 5. Nf3 O-O 6. Be2 e6 7. dxe6 Bxe6 8. d5 Bf5 9. Nc3 Na6 10. O-O Nb4 11. a3 Nc2 12. Ra2 c5 13. dxc6 bxc6 14. Bg5 c5 15. Nd5 Nd4 16. Nxd4 cxd4 17. Qxd4 Nxd5 18. Qxg7+ Kxg7 19. Bxd8 Raxd8 20. cxd5 Rxd5 21. b4 Rfd8 22. Bf3 Rd2 23. Rxd2 Rxd2 24. Ra1 Rb2 25. g3 Kf6 26. Kg2 h5 27. h4 Ke5 28. Re1+ Kd4 29. Re7 a5 30. bxa5 Ra2 31. Rxf7 Rxa3 32. Ra7 Kc5 33. Bb7 Kb5 34. a6 Kb6 35. Ra8 Ra2 36. Rf8 Ra4 37. Rf6+ Ka7 38. Rf7 Kb6 39. Rf8 Ra3 40. Bc8 Bxc8 41. Rxc8 Rxa6 42. Rg8 Kc5 43. Rd8 Rf6 44. f4 Re6 45. Kf3 Ra6 46. Rd3 Kc4 47. Rd1 Kc5 48. Ke4 Ra3 49. Rd3 Ra6 50. Ke5 Kc4 51. Rd4+ Kc3 52. Rd6 Ra5+ 53. Kf6 Ra1 54. Kxg6 Rg1 55. Kxh5 Rxg3 56. f5 Kc4 57. f6 Kc5 58. Ra6 Kb5 59. Re6 Kc5 60. Re5+ Kd6 61. Rf5 Rg8 62. f7 Rf8 63. Kg6 Ke6 64. h5 Ke7 65. Rf1 Ra8 66. h6 Kf8 67. h7 Ra6+ 68. Rf6 Rxf6+ 69. Kxf6 1/2-1/2


[Site "https://www.chess.com"]

[Event "Titled Tuesday Blitz August 15 Early 2023"]
[White "Yeritsyan, Hayk"]
[Black "Azhar, Puteri Munajjah Az-Zahraa"]
[WhiteFideId "13307320"]
[BlackFideId "5709040"]
[WhiteElo "2434"]
[BlackElo "2109"]
[Result "1-0"]
[Round "2"]
[TimeControl "180+1"]
[Date "2023.08.15"]
[WhiteClock "0:00:06"]
[BlackClock "0:01:09"]
[Board "230"]

1. d4 Nf6 2. Nf3 e6 3. e3 d5 4. Bd3 Be7 5. Ne5 c5 6. c3 Nc6 7. f4 Bd7 8. Nd2 Qc7 9. O-O h5 10. Qf3 Nxe5 11. fxe5 Ng4 12. Qxf7+ Kd8 13. Qxg7 Re8 14. Nf3 Bf8 15. Qg5+ Kc8 16. Qxh5 Nh6 17. Ng5 Nf5 18. g4 Ng7 19. Qf7 Bc6 20. Qxc7+ Kxc7 21. Rf7+ Re7 22. Rxe7+ Bxe7 23. Nf3 Rf8 24. Kg2 b5 25. h3 c4 26. Bc2 b4 27. Bd2 a5 28. a3 Rb8 29. axb4 axb4 30. Ra7+ Rb7 31. Rxb7+ Kxb7 32. cxb4 Kb6 33. Bc3 Kb5 34. h4 Bxb4 35. Bxb4 Kxb4 36. h5 c3 37. bxc3+ Kxc3 38. Bg6 1-0


[Site "https://www.chess.com"]

[Event "Titled Tuesday Blitz August 15 Early 2023"]
[White "Mika, Tomasz"]
[Black "Larina, Maria"]
[WhiteFideId "1132970"]
[BlackFideId "24113182"]
[WhiteElo "2431"]
[BlackElo "2103"]
[Result "0-1"]
[Round "2"]
[TimeControl "180+1"]
[Date "2023.08.15"]
[WhiteClock "0:00:02"]
[BlackClock "0:01:20"]
[Board "231"]

1. e4 c6 2. d4 d5 3. e5 Bf5 4. h4 h5 5. Bd3 Bxd3 6. Qxd3 e6 7. Nf3 Nh6 8. c4 dxc4 9. Qxc4 Nd7 10. Nc3 Nb6 11. Qb3 Nf5 12. Bg5 Be7 13. Bxe7 Qxe7 14. Ne4 Rd8 15. Rd1 O-O 16. Qc2 Nd5 17. a3 Nf4 18. Kf1 Nd5 19. Rh3 Nfe3+ 20. fxe3 Nxe3+ 0-1


[Site "https://www.chess.com"]

[Event "Titled Tuesday Blitz August 15 Early 2023"]
[White "Toktomushev, Teimur"]
[Black "Vila Dupla, Aurelio"]
[WhiteFideId "14176726"]
[BlackFideId "2203383"]
[WhiteElo "2430"]
[BlackElo "2096"]
[Result "1/2-1/2"]
[Round "2"]
[TimeControl "180+1"]
[Date "2023.08.15"]
[WhiteClock "0:00:02"]
[BlackClock "0:01:22"]
[Board "232"]

1. d4 Nf6 2. c4 g6 3. Nc3 d5 4. cxd5 Nxd5 5. e4 Nxc3 6. bxc3 Bg7 7. Be3 c5 8. Qd2 Qa5 9. Nf3 O-O 10. Rc1 cxd4 11. cxd4 Qxd2+ 12. Nxd2 e6 13. Nb3 b6 14. f3 Ba6 15. Bxa6 Nxa6 16. Ke2 Rac8 17. a4 Rfd8 18. Rhd1 Nb4 19. Rxc8 Rxc8 20. a5 Rc3 21. axb6 axb6 22. Rb1 Rc2+ 23. Nd2 Bf8 24. Kd1 Ra2 25. Rb3 Nc2 26. Bf2 Nb4 27. Be3 Ra1+ 28. Ke2 Ra2 29. Kd1 1/2-1/2


[Site "https://www.chess.com"]

[Event "Titled Tuesday Blitz August 15 Early 2023"]
[White "Politov, Pavel Y."]
[Black "TomLiu777"]
[WhiteFideId "24110515"]
[WhiteElo "2090"]
[BlackElo "2429"]
[Result "0-1"]
[Round "2"]
[TimeControl "180+1"]
[Date "2023.08.15"]
[WhiteClock "0:00:00"]
[BlackClock "0:00:48"]
[Board "233"]

1. e4 c5 2. Nf3 d6 3. d4 cxd4 4. Nxd4 Nf6 5. Nc3 a6 6. f3 e6 7. Be3 Be7 8. Qd2 Qc7 9. g4 b5 10. g5 Nfd7 11. O-O-O Bb7 12. Kb1 Nc6 13. Nxc6 Qxc6 14. h4 Ne5 15. Qf2 b4 16. Ne2 Rc8 17. Nd4 Qc7 18. Bc1 Nc6 19. Nxc6 Qxc6 20. Rh2 a5 21. Qd4 O-O 22. h5 e5 23. Qd3 a4 24. Qb5 Qxb5 25. Bxb5 Bc6 26. Bxc6 Rxc6 27. Rd5 Rc5 28. Rxc5 dxc5 29. Be3 f5 30. gxf6 Rxf6 31. Bg5 Rd6 0-1


[Site "https://www.chess.com"]

[Event "Titled Tuesday Blitz August 15 Early 2023"]
[White "Winkels, Marcel"]
[Black "Nathan, Nitish"]
[WhiteFideId "1003887"]
[BlackFideId "30927870"]
[WhiteElo "2075"]
[BlackElo "2425"]
[Result "0-1"]
[Round "2"]
[TimeControl "180+1"]
[Date "2023.08.15"]
[WhiteClock "0:00:00"]
[BlackClock "0:01:11"]
[Board "234"]

1. e4 c5 2. Nf3 Nc6 3. Bb5 e6 4. Bxc6 bxc6 5. d3 Ne7 6. O-O Ng6 7. Nc3 e5 8. Be3 d6 9. Qd2 Be7 10. a3 O-O 11. b4 cxb4 12. axb4 d5 13. exd5 cxd5 14. Bc5 Bxc5 15. bxc5 Bb7 16. d4 e4 17. Ne5 Nxe5 18. dxe5 d4 19. Nb5 Qd7 20. Nxd4 Qd5 21. Rfd1 Qxc5 22. e6 Rae8 23. Rab1 Ba8 24. exf7+ Rxf7 25. Qe3 Qe5 26. Rb5 Qe7 27. Nf5 Qf6 28. Nd6 Rd8 29. Qd4 Qxd4 30. Rxd4 Rfd7 31. Nf5 Rxd4 32. Nxd4 Rxd4 33. Rb8+ Kf7 34. h3 Bd5 0-1


[Site "https://www.chess.com"]

[Event "Titled Tuesday Blitz August 15 Early 2023"]
[White "Lakshmi C"]
[Black "Miszler, Levente"]
[WhiteFideId "25035347"]
[BlackFideId "763276"]
[WhiteElo "2070"]
[BlackElo "2424"]
[Result "0-1"]
[Round "2"]
[TimeControl "180+1"]
[Date "2023.08.15"]
[WhiteClock "0:00:03"]
[BlackClock "0:01:32"]
[Board "235"]

1. e4 e6 2. d4 d5 3. Nc3 Bb4 4. e5 c5 5. a3 Bxc3+ 6. bxc3 Nc6 7. Qg4 Kf8 8. Nf3 h5 9. Qf4 Bd7 10. Bd3 Qa5 11. Bd2 Qa4 12. Ng5 Nh6 13. Nf3 c4 14. Be2 Qxc2 15. O-O Qf5 16. Qe3 Ng4 17. Qg5 Qxg5 18. Nxg5 Ke7 19. Rfb1 b6 20. h3 Nh6 21. Nf3 Na5 22. Ne1 Nb3 23. Be3 Nxa1 24. Rxa1 Nf5 0-1


[Site "https://www.chess.com"]

[Event "Titled Tuesday Blitz August 15 Early 2023"]
[White "Novikov, Evgenij"]
[Black "Maluco_do_Natal_00"]
[WhiteFideId "4125380"]
[WhiteElo "2424"]
[BlackElo "2068"]
[Result "1-0"]
[Round "2"]
[TimeControl "180+1"]
[Date "2023.08.15"]
[WhiteClock "0:00:17"]
[BlackClock "0:00:00"]
[Board "236"]

1. d4 d5 2. c4 c6 3. Nf3 Nf6 4. Nc3 dxc4 5. e4 b5 6. e5 Nd5 7. Be2 e6 8. O-O Be7 9. a4 Nxc3 10. bxc3 Bb7 11. Ng5 Bxg5 12. f4 Be7 13. f5 exf5 14. Rxf5 Bc8 15. Rh5 Be6 16. Qe1 g6 17. Rh6 Bg5 18. h4 Bxc1 19. Qxc1 Bd5 20. Qf4 Nd7 21. Rf1 Qe7 22. h5 O-O 23. Bd1 bxa4 24. Bxa4 Rab8 25. Bc2 Rb2 26. Rf2 a5 27. Qc1 Rb7 28. hxg6 fxg6 29. Bxg6 hxg6 30. Rxg6+ 1-0


[Site "https://www.chess.com"]

[Event "Titled Tuesday Blitz August 15 Early 2023"]
[White "Akylbekov, Nasyr"]
[Black "Kriti Mayur Patel"]
[WhiteFideId "13800353"]
[BlackFideId "35061780"]
[WhiteElo "2421"]
[BlackElo "2063"]
[Result "1-0"]
[Round "2"]
[TimeControl "180+1"]
[Date "2023.08.15"]
[WhiteClock "0:02:10"]
[BlackClock "0:02:13"]
[Board "237"]

1. e4 e5 2. Nf3 Nc6 3. Nc3 Nf6 4. d4 exd4 5. Nxd4 Bb4 6. Nxc6 bxc6 7. Bd3 O-O 8. O-O d5 9. exd5 cxd5 10. Bg5 Be7 11. Qf3 Bb7 12. Rae1 Rb8 13. Re2 d4 14. Qh3 h6 15. Bxf6 Bxf6 16. Ne4 Re8 17. b3 Bc8 18. Nxf6+ gxf6 19. Qxh6 Rxe2 20. Bh7+ Kh8 21. Bg6+ Kg8 22. Qh7+ Kf8 23. Qxf7# 1-0


[Site "https://www.chess.com"]

[Event "Titled Tuesday Blitz August 15 Early 2023"]
[White "Gheorghiu, Calin"]
[Black "Daurelle, Herve"]
[WhiteFideId "1200305"]
[BlackFideId "602655"]
[WhiteElo "2420"]
[BlackElo "2058"]
[Result "0-1"]
[Round "2"]
[TimeControl "180+1"]
[Date "2023.08.15"]
[WhiteClock "0:00:34"]
[BlackClock "0:01:03"]
[Board "238"]

1. e4 c5 2. Nf3 d6 3. d4 cxd4 4. Nxd4 Nf6 5. Nc3 g6 6. Bc4 Bg7 7. Bb3 O-O 8. f3 Nc6 9. Be3 Bd7 10. Qd2 Nxd4 11. Bxd4 b5 12. a4 bxa4 13. Bxa4 a5 14. O-O Be6 15. Rfd1 Rb8 16. b3 Rb4 17. Nd5 Nxe4 18. fxe4 Bxd4+ 19. Kh1 Bxd5 0-1


[Site "https://www.chess.com"]

[Event "Titled Tuesday Blitz August 15 Early 2023"]
[White "Todorovic, Bojan"]
[Black "Nikulina, Alena"]
[WhiteFideId "917087"]
[BlackFideId "4172051"]
[WhiteElo "2418"]
[BlackElo "2058"]
[Result "1-0"]
[Round "2"]
[TimeControl "180+1"]
[Date "2023.08.15"]
[WhiteClock "0:00:47"]
[BlackClock "0:00:13"]
[Board "239"]

1. Nf3 d5 2. c4 c6 3. e3 Nf6 4. Nc3 e6 5. b3 Bd6 6. Bb2 O-O 7. Qc2 Nbd7 8. Be2 e5 9. cxd5 cxd5 10. Nb5 Bb8 11. Ba3 Re8 12. Rc1 Nb6 13. Nc7 Bxc7 14. Qxc7 d4 15. Qxd8 Rxd8 16. Nxe5 dxe3 17. dxe3 Be6 18. Bf3 Bd5 19. O-O Rac8 20. Be7 Re8 21. Bxf6 gxf6 22. Nd7 Bxf3 23. Nxf6+ Kf8 24. Nxe8 Be2 25. Rxc8 Nxc8 26. Rc1 Kxe8 27. Rxc8+ Kd7 28. Rc2 Bb5 29. e4 Ke6 30. f3 f5 31. exf5+ Kf6 32. g4 h5 33. Kf2 Bd3 34. Rd2 Bb5 35. Kg3 hxg4 36. fxg4 1-0


[Site "https://www.chess.com"]

[Event "Titled Tuesday Blitz August 15 Early 2023"]
[White "Stangl, Anita, Dr."]
[Black "Luong Phuong Hanh"]
[WhiteFideId "4608801"]
[BlackFideId "12401013"]
[WhiteElo "2057"]
[BlackElo "2417"]
[Result "1/2-1/2"]
[Round "2"]
[TimeControl "180+1"]
[Date "2023.08.15"]
[WhiteClock "0:00:24"]
[BlackClock "0:00:08"]
[Board "240"]

1. e4 c5 2. Nf3 e6 3. d4 cxd4 4. Nxd4 a6 5. Bc4 b5 6. Bb3 Bb7 7. f3 d6 8. Be3 Nf6 9. O-O Be7 10. Bxe6 O-O 11. Bb3 Nc6 12. Nf5 Re8 13. Bg5 Ne5 14. Bxf6 Bxf6 15. Qxd6 Nc4 16. Qxd8 Raxd8 17. c3 Nxb2 18. h3 a5 19. a4 b4 20. cxb4 axb4 21. Ra2 Rd3 22. Bc2 Rd7 23. a5 Ba6 24. Re1 g6 25. Ne3 Bd4 26. Kh2 Be5+ 27. g3 Red8 28. f4 Bc3 29. Nxc3 bxc3 30. Nd5 Bc4 31. Ra3 Bxd5 32. exd5 Rxd5 33. Rxc3 Rd2+ 34. Kg1 Ra8 35. Rc5 Nd3 36. Bxd3 Rxd3 37. f5 Rxg3+ 38. Kf2 Ra3 39. fxg6 hxg6 40. Ree5 Kg7 41. h4 Ra6 42. h5 Rf6+ 43. Ke2 Ra2+ 44. Kd3 Ra3+ 45. Kc4 gxh5 46. Rxh5 Rf4+ 47. Kd5 Rfa4 48. Kc6 Rg3 49. Rhg5+ Rxg5 50. Rxg5+ Kf6 51. Rb5 Kg6 52. Kb7 f5 53. a6 Kg5 54. a7 Kg4 55. a8=Q Rxa8 56. Kxa8 f4 57. Kb7 f3 58. Kc6 f2 59. Rb1 Kg3 60. Kd5 Kg2 61. Rb2 Kg1 62. Rb1+ f1=Q 63. Rxf1+ Kxf1 1/2-1/2


[Site "https://www.chess.com"]

[Event "Titled Tuesday Blitz August 15 Early 2023"]
[White "ivana_999"]
[Black "ExchangeAB"]
[WhiteElo "2039"]
[BlackElo "2416"]
[Result "1/2-1/2"]
[Round "2"]
[TimeControl "180+1"]
[Date "2023.08.15"]
[WhiteClock "0:00:29"]
[BlackClock "0:00:16"]
[Board "241"]

1. d4 Nf6 2. c4 c6 3. Nc3 d5 4. cxd5 cxd5 5. Nf3 Nc6 6. Bg5 Ne4 7. Bf4 Nxc3 8. bxc3 e6 9. e3 Bd6 10. Bxd6 Qxd6 11. c4 Qb4+ 12. Qd2 dxc4 13. Qxb4 Nxb4 14. Kd2 Nd3 15. Bxd3 cxd3 16. Kxd3 b6 17. Rhc1 Ba6+ 18. Kd2 O-O 19. Rc7 f6 20. Rac1 Rfc8 21. Rxc8+ Rxc8 22. Rxc8+ Bxc8 23. Ne1 Bb7 24. f3 Kf7 25. Nd3 Ke7 26. Nb4 a5 27. Nc2 b5 28. Na3 Bc6 29. Nb1 b4 30. a3 bxa3 31. Nxa3 a4 32. Kc3 Kd6 33. e4 Be8 34. Kb4 f5 35. Nc4+ Ke7 36. e5 g5 37. Nd6 Bc6 38. Nc4 h5 39. Na5 Bd5 40. Kxa4 h4 41. Nb3 h3 42. g3 Bxf3 43. Nd2 Bd5 44. Kb4 f4 45. gxf4 gxf4 46. Kc3 Kf7 47. Kd3 Kg6 48. Ke2 Kf5 49. Kf2 Kg4 50. Nf1 Kf5 51. Nd2 Kg4 52. Nf1 Kg5 53. Nd2 Kf5 54. Ke2 Bg2 55. Kf2 Kg6 56. Ke2 Kf7 57. Kf2 Ke7 58. Nf3 Kd7 59. Ng5 Ke7 60. Nf3 Kf7 61. Ng5+ Ke7 62. Nf3 1/2-1/2


[Site "https://www.chess.com"]

[Event "Titled Tuesday Blitz August 15 Early 2023"]
[White "Rom, Jasper"]
[Black "Gyulamiryan-koryun"]
[WhiteFideId "2023733"]
[WhiteElo "2414"]
[BlackElo "2032"]
[Result "1-0"]
[Round "2"]
[TimeControl "180+1"]
[Date "2023.08.15"]
[WhiteClock "0:00:01"]
[BlackClock "0:00:00"]
[Board "242"]

1. e4 c6 2. Nc3 d5 3. Nf3 Bg4 4. h3 Bxf3 5. Qxf3 e6 6. Be2 Nd7 7. d4 dxe4 8. Nxe4 Ngf6 9. c3 Be7 10. O-O h6 11. Bf4 O-O 12. Bd3 Nd5 13. Bd2 a5 14. Rfe1 a4 15. Qg3 Kh8 16. Qf3 a3 17. b3 b5 18. Rad1 N7f6 19. Bb1 Qd7 20. g4 Nh7 21. c4 Nb6 22. Qd3 f5 23. Nc5 Bxc5 24. dxc5 Qxd3 25. Bxd3 bxc4 26. cxb6 cxd3 27. Rxe6 fxg4 28. hxg4 Nf6 29. f3 Nd5 30. Rxc6 Rfb8 31. Be1 Nf4 32. Bg3 Ne2+ 33. Kf2 Nd4 34. Rd6 Nb5 35. Rc6 Nd4 36. Rd6 Nb5 37. Re6 Nc3 38. Rxd3 Nxa2 39. Bxb8 Rxb8 40. Rd7 Nb4 41. b7 a2 42. Re1 Nc2 43. Rc1 a1=Q 44. Rxa1 Nxa1 45. Rc7 Kh7 46. b4 Nb3 47. Ke3 1-0


[Site "https://www.chess.com"]

[Event "Titled Tuesday Blitz August 15 Early 2023"]
[White "Zepeda Berlanga, Jan Enrique"]
[Black "Llanos, Guillermo"]
[WhiteFideId "5132355"]
[BlackFideId "100358"]
[WhiteElo "1963"]
[BlackElo "2413"]
[Result "0-1"]
[Round "2"]
[TimeControl "180+1"]
[Date "2023.08.15"]
[WhiteClock "0:00:07"]
[BlackClock "0:00:10"]
[Board "243"]

1. c4 b6 2. Nc3 Bb7 3. e4 e5 4. Nf3 Nc6 5. d4 exd4 6. Nxd4 Nxd4 7. Qxd4 Nf6 8. Bg5 Be7 9. Bd3 d6 10. Bc2 h6 11. Bh4 Qd7 12. O-O-O O-O-O 13. Bg3 Rhe8 14. h4 Qg4 15. Qe3 Bf8 16. Rhe1 Nh5 17. Ba4 Re6 18. Nd5 Nxg3 19. Qxg3 Qxg3 20. fxg3 g6 21. Re3 Bg7 22. Rf1 Rf8 23. Ref3 c6 24. Nc3 Re7 25. Bc2 Bxc3 26. Rxc3 Re5 27. Rcf3 Re7 28. Re3 Kd8 29. Kd2 Bc8 30. b4 Be6 31. Kc3 Kc7 32. a4 a5 33. b5 c5 34. e5 dxe5 35. Rxe5 Rfe8 36. Rfe1 Kd8 37. Be4 Bd7 38. Bd5 Rxe5 39. Rxe5 Rxe5 40. Bxf7 Bf5 41. Bd5 Re3+ 42. Kd2 Rxg3 43. Bf3 h5 44. Ke2 g5 45. Kf2 gxh4 46. Ke2 Rg5 47. Ke3 Bg4 48. Be4 Kc7 49. Kf4 Rg7 50. Ke5 Re7+ 51. Kf4 Rxe4+ 52. Kxe4 h3 53. gxh3 Bxh3 54. Kf4 Bg4 55. Kg3 Kd6 56. Kf4 Bd1 57. Kg5 Ke5 58. Kh4 Kd4 59. Kg3 Kxc4 0-1


[Site "https://www.chess.com"]

[Event "Titled Tuesday Blitz August 15 Early 2023"]
[White "jimmy-schlumpf"]
[Black "Navyblue1"]
[WhiteElo "2413"]
[BlackElo "1962"]
[Result "1-0"]
[Round "2"]
[TimeControl "180+1"]
[Date "2023.08.15"]
[WhiteClock "0:00:48"]
[BlackClock "0:00:00"]
[Board "244"]

1. Nf3 c5 2. g3 d5 3. Bg2 Nc6 4. d4 Nf6 5. O-O Bg4 6. dxc5 e6 7. Be3 Ne4 8. Nd4 Nxc5 9. c4 Be7 10. Nc3 O-O 11. cxd5 Nxd4 12. Qxd4 Bf5 13. Rfd1 exd5 14. Nxd5 Ne6 15. Qe5 Bg6 16. Rac1 Bf6 17. Nxf6+ Qxf6 18. Qxf6 gxf6 19. h4 h5 20. Rd7 Kg7 21. Rxb7 Rfb8 22. Re7 Rxb2 23. Bxa8 Rxa2 24. Bd5 1-0


[Site "https://www.chess.com"]

[Event "Titled Tuesday Blitz August 15 Early 2023"]
[White "Mushini Ajay"]
[Black "Wilson, Otis"]
[WhiteFideId "35066188"]
[BlackFideId "30904021"]
[WhiteElo "2405"]
[BlackElo "1961"]
[Result "1-0"]
[Round "2"]
[TimeControl "180+1"]
[Date "2023.08.15"]
[WhiteClock "0:01:47"]
[BlackClock "0:00:00"]
[Board "245"]

1. e4 d6 2. Nc3 Nf6 3. d4 e5 4. Nf3 exd4 5. Qxd4 Be7 6. Bf4 Nbd7 7. O-O-O a6 8. h3 O-O 9. g4 Nc5 10. e5 dxe5 11. Qxe5 Bd6 12. Rxd6 cxd6 13. Qxd6 Qa5 14. Bc4 Rd8 15. Qe7 Be6 16. Bc7 Qb4 17. Bxe6 Nxe6 18. Qxb4 1-0


[Site "https://www.chess.com"]

[Event "Titled Tuesday Blitz August 15 Early 2023"]
[White "Trost, Edvin"]
[Black "So, Wesley"]
[WhiteFideId "1729519"]
[BlackFideId "5202213"]
[WhiteElo "2756"]
[BlackElo "3135"]
[Result "0-1"]
[Round "3"]
[TimeControl "180+1"]
[Date "2023.08.15"]
[WhiteClock "0:00:18"]
[BlackClock "0:00:13"]
[Board "1"]

1. e4 c5 2. Nc3 Nc6 3. Nf3 g6 4. d4 cxd4 5. Nxd4 Bg7 6. Be3 Nf6 7. Nxc6 bxc6 8. e5 Ng8 9. Bd4 Rb8 10. Bc4 Rb4 11. Bb3 Qa5 12. e6 Rxd4 13. exf7+ Kf8 14. fxg8=Q+ Rxg8 15. Qf3+ Qf5 16. Qxf5+ gxf5 17. Bxg8 Kxg8 18. O-O Rc4 19. Rfe1 Kf7 20. Re3 d5 21. Rh3 f4 22. Rxh7 Bf5 23. Rxg7+ Kxg7 24. Rc1 d4 25. Ne2 e5 26. Kf1 Rxc2 27. Rxc2 Bxc2 28. Ke1 c5 29. b3 Kf6 30. f3 Bb1 31. Nc1 a5 32. Kd2 Ke6 33. Nd3 Kd5 34. Nc1 a4 35. bxa4 c4 36. a5 c3+ 37. Ke2 Kc4 38. a6 d3+ 39. Nxd3 Bxd3+ 40. Ke1 e4 41. a7 c2 42. Kd2 e3+ 43. Kc1 e2 44. Kd2 e1=Q+ 45. Kxe1 c1=Q+ 46. Kf2 Qd2+ 47. Kg1 Qd1+ 48. Kf2 Qe2+ 49. Kg1 Qxa2 50. a8=Q Qxa8 51. g3 Qxf3 52. gxf4 Qxf4 53. h4 Kd4 54. h5 Ke3 55. h6 Qxh6 56. Kg2 Be4+ 57. Kg3 Qg5+ 58. Kh2 Kf2 59. Kh3 Bf5+ 60. Kh2 Bg4 61. Kh1 Qf5 62. Kh2 Qf4+ 63. Kh1 Qe4+ 64. Kh2 Qe5+ 65. Kh1 Qd5+ 66. Kh2 Qd6+ 67. Kh1 Qc6+ 68. Kh2 Qc7+ 69. Kh1 Qb7+ 70. Kh2 Qb8+ 71. Kh1 Bf3# 0-1


[Site "https://www.chess.com"]